 Dungeon Crawl Stone Soup version 0.27-a0-869-g165b36e3f0 (webtiles) character file.

Game seed: 8759988186679625916

3164 shoop the Ducker (level 9, -1/74 HPs)
             Began as a Demigod Transmuter on Apr 3, 2021.
             Slain by a killer bee (7 damage)
             ... on level 8 of the Dungeon.
             The game lasted 00:27:36 (10365 turns).

shoop the Ducker (Demigod Transmuter)              Turns: 10365, Time: 00:27:37

Health: -1/74      AC: 11    Str: 20    XL:     9   Next: 36%
Magic:  20/20      EV: 13    Int: 23    God:
Gold:   531        SH:  0    Dex: 14    Spells: 11/18 levels left

rFire    . . .     SeeInvis .   r - +2 whip (elec)
rCold    . . .     Faith    .   (no shield)
rNeg     . . .     Spirit   .   y - +2 ring mail "Ritsoc" {Str+5}
rPois    .         Reflect  .   z - +0 helmet
rElec    .         Harm     .   (no cloak)
rCorr    .         Rampage  .   B - +2 pair of gloves
Will     .....                  (no boots)
Stlth    ++........             (no amulet)
HPRegen  0.22/turn              (no ring)
MPRegen  0.17/turn              (no ring)

@: no status effects
A: high mp 1, forlorn
a: no special abilities


You were on level 8 of the Dungeon.
You visited 1 branch of the dungeon, and saw 8 of its levels.

You collected 531 gold pieces.

Inventory:

Hand Weapons
 r - a +2 whip of electrocution (weapon)
Missiles
 n - 16 poisoned darts (quivered)
 t - 3 atropa-tipped darts
 C - 3 curare-tipped darts
 D - 2 boomerangs of dispersal
Armour
 a - a +0 robe
 b - the +0 ring mail of the Mantidfly {rF- rN+ Dex+6 Stlth+}
   (You found it on level 4 of the Dungeon)

   It affects your dexterity (+6).
   It makes you vulnerable to fire.
   It protects you from negative energy.
   It makes you more stealthy.
 s - a +1 robe of cold resistance
 y - the +2 ring mail "Ritsoc" (worn) {Str+5}
   (You found it on level 6 of the Dungeon)

   It affects your strength (+5).
 z - a +0 helmet (worn)
 B - a +2 pair of gloves (worn)
Magical Staves
 c - a staff of earth
 g - a staff of poison
 E - a staff of death
Wands
 x - a wand of polymorph (8)
 A - a wand of paralysis (2)
Scrolls
 d - 2 scrolls of holy word {unknown}
 j - a scroll of vulnerability
 k - 2 scrolls of enchant armour {unknown}
 l - 2 scrolls of teleportation {unknown}
 m - a scroll of magic mapping
 p - a scroll of immolation
 w - 3 scrolls of fear {unknown}
Potions
 e - a potion of resistance
 f - 2 potions of heal wounds {unknown}
 h - a potion of flight
 i - a potion of invisibility
 o - 2 potions of degeneration {unknown}
 q - a potion of cancellation
 u - 3 potions of curing
 F - a potion of mutation {unknown}


   Skills:
 - Level 5.1 Fighting
 - Level 4.0 Maces & Flails
 - Level 1.0 Throwing
 - Level 3.0 Armour
 - Level 5.2 Dodging
 - Level 3.0 Stealth
 - Level 4.7 Unarmed Combat
 - Level 5.0 Spellcasting
 - Level 2.1 Conjurations
 - Level 2.2 Hexes
 - Level 2.0 Transmutations
 - Level 2.0 Air Magic
 * Level 1.1 Evocations


You had 11 spell levels left.
You knew the following spells:

 Your Spells              Type           Power      Damage    Failure   Level
a - Beastly Appendage     Tmut           28%        N/A       7%          1
b - Fulminant Prism       Conj/Hex       7%         3d7       54%         4
s - Swiftness             Air            14%        N/A       11%         2

Your spell library contained the following spells:

 Spells                   Type           Power      Damage    Failure   Level
 Magic Dart               Conj           60%        1d6       6%          1
 Shock                    Conj/Air       60%        1d6       7%          1
 Searing Ray              Conj           30%        3d4       10%         2
 Wereblood                Tmut           14%        N/A       11%         2
 Animate Skeleton         Necr           10%        N/A       16%         1
 Pain                     Necr           20%        1d5       16%         1
 Dazzling Flash           Conj/Hex       30%        N/A       19%         3
 Static Discharge         Conj/Air       15%        N/A       21%         3
 Spider Form              Tmut/Pois      5%         N/A       30%         3
 Vampiric Draining        Necr           2%         2d6       43%         3
 Airstrike                Air            7%         N/A       56%         4
 Iskenderun's Mystic Bla  Conj/Tloc      10%        2d4       69%         4
 Ice Form                 Ice/Tmut       10%        N/A       71%         4
 Animate Dead             Necr           2%         N/A       83%         4
 Hydra Form               Tmut           7%         N/A       88%         5
 Lightning Bolt           Conj/Air       7%         1d20      88%         5
 Agony                    Necr           5%         N/A       99%         5


Dungeon Overview and Level Annotations

Branches:
Dungeon (8/15)             Temple (0/1) D:4
   Lair: D:8-11

Annotations:
D:2 exclusion: 2 worms, Jessica
D:3 1 exclusion, Ijyb
D:4 exclusions: hound, jackal and ogre
D:5 exclusions: ogre and 2 orcs
D:8 exclusions: 2 gnolls and 1 more exclusion


Innate Abilities, Weirdness & Mutations

Your attributes grow dramatically as you level up.
You have an increased reservoir of magic. (+10% MP)
You shall have no god before yourself.


Message History

You kill the killer bee!
You feel less invigorated.
You feel less confused.
You feel sick.
The killer bee looks more healthy.
Aiming: Paralyse
Press: ? - help, Shift-Dir - straight line, f/p - killer bee
Aim: a killer bee (chance to affect: 57%)
The killer bee resists with significant effort.
You feel sick.
The killer bee stings you but does no damage. x2
Aiming: Paralyse
Press: ? - help, Shift-Dir - straight line, f/p - killer bee
Aim: a killer bee (chance to affect: 57%)
The killer bee resists with significant effort.
You feel sick. The killer bee stings you.
* * * LOW HITPOINT WARNING * * *
The killer bee stings you but does no damage.
Aiming: Paralyse
Press: ? - help, Shift-Dir - straight line, f/p - killer bee
Aim: a killer bee (chance to affect: 57%)
The killer bee suddenly stops moving!
You feel sick.
The helpless killer bee fails to defend itself.
You hit the killer bee.
The killer bee is moderately wounded.
You feel sick.
You are no longer poisoned.
The helpless killer bee fails to defend itself.
You hit the killer bee.
Lightning courses through the killer bee!!
You kill the killer bee!
Training target 2.0 for Air Magic reached!
Your Air Magic skill increases to level 2!
You need to enable at least one skill for training.
Unknown command.
Aiming: Paralyse
Press: ? - help, Shift-Dir - straight line, f - killer bee
Aim: a killer bee (severely wounded, chance to affect: 58%)
The killer bee resists with significant effort.
The killer bee barely misses you. The killer bee stings you!
You die...

.ggg.g...!.....[......#
#?###............#
###..##............#
#.....#............#
#.....#...###.######
##.....#.......#
#....?.....#.###
#..........#.#
#..........#@#
#.........##y#
#.........##.#
#.........##(#
#.........##†#
#.......>.##(#
########.#.... #.#..(?#
#.#....#


You could see a killer bee.

Vanquished Creatures
  Pikel (D:4)
  Eustachio (D:4)
  A wraith (D:8)
  2 water moccasins
  A necrophage (D:5)
  4 centaurs
  A phantom (D:6)
  A kobold brigand (D:6)
  A bullfrog (D:6)
  A scorpion (D:7)
  4 killer bees (D:8)
  11 wights
  4 howler monkeys (D:7)
  A centaur zombie (D:7)
  A bullfrog zombie (D:5)
  A gnoll shaman (D:5)
  2 hounds
  2 centaur skeletons
  2 orc priests
  A jelly (D:5)
  An orc wizard (D:8)
  Natasha (thrice) (D:2)
  3 iguanas
  2 killer bee zombies (D:7)
  7 gnolls
  7 adders
  A white imp (D:5)
  An ufetubus (D:5)
  An adder skeleton (D:4)
  3 worms
  4 dart slugs
  13 orcs
  9 ball pythons
  5 endoplasms
  3 giant cockroaches
  5 goblins
  7 hobgoblins
  2 jackals (D:1)
  15 kobolds
  A quokka (D:4)
  3 bats (D:1)
  3 frilled lizards (D:2)
  5 rats
147 creatures vanquished.

Vanquished Creatures (others)
  17 plants (D:4)
17 creatures vanquished.

Grand Total: 164 creatures vanquished

Notes
Turn   | Place    | Note
-------+----------+-------------------------------------------
     0 | D:1      | shoop the Demigod Transmuter began the quest for the Orb.
     0 | D:1      | Reached XP level 1. HP: 15/15 MP: 5/5
   486 | D:1      | Reached skill level 1 in Fighting
   533 | D:1      | Reached XP level 2. HP: 12/23 MP: 7/7
  1333 | D:2      | Reached skill level 1 in Stealth
  1524 | D:2      | Reached XP level 3. HP: 24/28 MP: 6/8
  1706 | D:2      | Noticed Jessica
  2385 | D:2      | Noticed Natasha
  2391 | D:2      | Killed Natasha
  2392 | D:2      | Reached XP level 4. HP: 35/35 MP: 6/9
  2499 | D:2      | Noticed Natasha
  2507 | D:2      | Killed Natasha
  2519 | D:2      | Noticed Natasha
  2727 | D:2      | Killed Natasha
  2954 | D:3      | Noticed Ijyb
  3182 | D:3      | Reached XP level 5. HP: 40/40 MP: 8/10
  3724 | D:4      | Identified the +0 ring mail of the Mantidfly {rF- rN+ Dex+6
                  | Stlth+}
  3796 | D:4      | Noticed Eustachio
  3923 | D:4      | Noticed Pikel
  3968 | D:4      | Killed Pikel
  3969 | D:4      | Reached skill level 1 in Throwing
  3969 | D:4      | Reached skill level 5 in Fighting
  3969 | D:4      | Reached XP level 6. HP: 45/56 MP: 11/11
  3969 | D:4      | Reached XP level 7. HP: 49/61 MP: 13/13
  4739 | D:4      | Reached skill level 1 in Maces & Flails
  4982 | D:4      | Found a staircase to the Ecumenical Temple.
  5478 | D:5      | Entered Level 5 of the Dungeon
  5577 | D:5      | Reached skill level 1 in Evocations
  6239 | D:4      | Killed Eustachio
  6695 | D:5      | Reached XP level 8. HP: 42/68 MP: 13/15
  7384 | D:6      | Identified the +2 ring mail "Ritsoc" {Str+5}
  7637 | D:6      | Reached skill level 1 in Armour
  9236 | D:7      | Reached XP level 9. HP: 57/71 MP: 19/19
  9544 | D:7      | Reached skill level 5 in Dodging
  9712 | D:8      | Reached skill level 5 in Spellcasting
  9717 | D:8      | Learned a level 4 spell: Fulminant Prism
  9871 | D:8      | Reached skill level 1 in Conjurations
  9871 | D:8      | Reached skill level 1 in Hexes
 10312 | D:8      | Learned a level 2 spell: Swiftness
 10355 | D:8      | Reached skill level 1 in Air Magic
 10355 | D:8      | HP: 2/74 [killer bee (8)]
 10365 | D:8      | Slain by a killer bee

Illustrated notes

Levels and vault maps discovered:
D:1:      lightli_arrival_statue_moat, layout_basic, basic_ecumenical_altar,
          minmay_pentomino_x2
D:2:      layout_loops_ring, kennysheep_generic_room_2, uniq_natasha,
          uniq_jessica
D:3:      layout_basic, okawaru_ov_weapons_minmay, lemuel_tele_altar,
          nicolae_overflow_hidden_temple, uniq_ijyb
D:4:      layout_gridville, amcnicky_altar_gilded, jmf_multi_god_temple,
          minmay_temple_entry_overgrown, serial_bayou, serial_bayou_pond_b,
          serial_bayou_shore_b, serial_bayou_pond_b, serial_bayou_pond_c,
          serial_bayou_pond_c, uniq_pikel, uniq_eustachio
D:5:      layout_cave_pools, overflow_temple_1_default
D:6:      layout_basic, gammafunk_temple_overflow_claw
D:7:      layout_basic, palyth_stone_intersect
D:8:      layout_basic, trog_book

Skill      XL: |  1  2  3  4  5  6  7  8  9 |
---------------+----------------------------+-----
Fighting       | 1 5 |  5.1
Unarmed Combat | 3 4 |  4.7
Dodging        | 2 3 4 5 |  5.2
Transmutations | 2 |  2.0
Spellcasting   | 2 4 5 |  5.0
Stealth        | 1 2 3 |  3.0
Throwing       | 1 |  1.0
Maces & Flails | 3 4 |  4.0
Evocations     | 1 |  1.1
Armour         | 3 |  3.0
Conjurations   | 2 |  2.1
Hexes          | 2 |  2.2
Air Magic      | 2 |  2.0

Action                   |  1- 3 |  4- 6 |  7- 9 || total
-------------------------+-------+-------+-------++-------
Melee: Unarmed           |   127 |    59 |       ||   186
       Kick              |    22 |    12 |    25 ||    59
       Headbutt          |    14 |     8 |    15 ||    37
       Punch             |     2 |     2 |    11 ||    15
       Whip              |       |       |   354 ||   354
Throw: Dart              |       |     4 |    39 ||    43
 Cast: Beastly Appendage |    26 |    14 |    25 ||    65
Evoke: Wand              |       |       |     4 ||     4
  Use: Scroll            |       |     2 |     6 ||     8
       Potion            |       |     1 |     3 ||     4
 Stab: Sleeping          |     1 |       |     1 ||     2
       Invisible         |       |       |     1 ||     1
       Paralysed         |       |       |     2 ||     2
Armor: Robe              |    28 |     2 |    20 ||    50
       Skin              |       |     3 |     4 ||     7
       Ring mail         |       |       |    87 ||    87
Dodge: Dodged            |    81 |    27 |   216 ||   324

Table legend: (Time is in decaauts)
 A = Elapsed time spent in this place.
 B = Non-inter-level travel time spent in this place.
 C = Inter-level travel time spent in this place.
 D = Time resting spent in this place.
 E = Time spent auto-exploring this place.
 F = Levels seen in this place.
 G = Mean time per level.
                   A        B        C        D        E       F      G
               +--------+--------+--------+--------+--------+-----+--------+
         Total |  10375 |  10130 |    245 |   1840 |   6681 |   8 | 1296.9 |
       Dungeon |  10375 |  10130 |    245 |   1840 |   6681 |   8 | 1296.9 |
               +--------+--------+--------+--------+--------+-----+--------+

Top non-repeatable levels by time:
     D:4: 2272 daAuts
     D:1: 1494 daAuts
     D:2: 1398 daAuts
     D:5: 1338 daAuts
     D:6: 1295 daAuts
     D:7: 1051 daAuts
     D:3: 799 daAuts
     D:8: 724 daAuts
